 Dungeon Crawl Stone Soup version 0.30.0-17-ge0270778cf (webtiles) character file.

Game seed: 12654785534613217867

13276 cheesebisquit the Summoner (level 12, -2/81 HPs)
             Began as a Barachi Summoner on May 21, 2023.
             Was an Initiate of Gozag.
             Slain by a two-headed ogre
             ... wielding a +0 giant spiked club
              (22 damage)
             ... on level 10 of the Dungeon.
             The game lasted 01:36:39 (11507 turns).

cheesebisquit the Summoner (Barachi Summoner)      Turns: 11507, Time: 01:36:40

Health: -2/81      AC: 13    Str:  9    XL:     12   Next: 4%
Magic:  25/44      EV: 13    Int: 20    God:    Gozag
Gold:   1855       SH:  0    Dex: 16    Spells: 4/32 levels left

rFire   . . .        o - +5 spear "Ynium" {pain, rPois Will+ Dex+2}
rCold   . . .        (no shield)
rNeg    . . .        b - +2 robe {Will+}
rPois   +            u - +2 hat
rElec   .            A - +0 cloak
rCorr   .            c - +2 pair of gloves
SInv    .            f - +2 pair of boots
Will    ++...        i - amulet of regeneration
Stlth   ++           w - ring of magical power
HPRegen 1.13/turn    J - ring of magical power
MPRegen 0.29/turn

%: no passive effects
@: gold aura, slow
A: amphibious, slowness 1, strong legs 1, +LOS
a: Hop, Renounce Religion, Potion Petition, Call Merchant, Bribe Branch


You were on level 10 of the Dungeon.
You worshipped Gozag.
Gozag was most pleased with you.
You visited 2 branches of the dungeon, and saw 11 of its levels.
You also visited: Bailey.

You collected 2232 gold pieces.
You spent 229 gold pieces at shops.
You paid 148 gold pieces to Gozag.

Inventory:

Hand Weapons
 o - the +5 spear "Ynium" (weapon) {pain, rPois Will+ Dex+2}
   (You found it on level 2 of the Dungeon)

   Dex:       It affects your dexterity (+2).
   rPois:     It protects you from poison.
   Will:      It increases your willpower.
 p - a +2 whip of electrocution
 D - the +9 dagger "Toppahe" {venom, *Rage rPois Int+5}
   (You found it on level 6 of the Dungeon)

   Int:       It affects your intelligence (+5).
   rPois:     It protects you from poison.
   *Rage:     It berserks you when you make melee attacks (+20% chance).
 E - a +1 morningstar of flaming
 M - the +7 dagger of Nemelex Xobeh, Dancing {protect, rElec rCorr SInv}
   (You found it on level 7 of the Dungeon)

   rElec:     It insulates you from electricity.
   SInv:      It lets you see invisible.
   rCorr:     It protects you from acid and corrosion.
Missiles
 g - 33 boomerangs
 q - 39 poisoned darts
Armour
 b - a +2 robe of willpower (worn)
 c - a +2 pair of gloves (worn)
 f - a +2 pair of boots (worn)
 u - a +2 hat (worn)
 A - a +0 cloak (worn)
 B - the +0 robe of the Marlin {rC+ rN+ Int-5 Dex+3}
   (You bought it in a shop on level 5 of the Dungeon)

   Int:       It affects your intelligence (-5).
   Dex:       It affects your dexterity (+3).
   rC:        It protects you from cold.
   rN:        It protects you from negative energy.
 F - +0 steam dragon scales
Jewellery
 d - a ring of ice
 i - an amulet of regeneration (around neck)
 w - a ring of magical power (left hand)
 J - a ring of magical power (right hand)
 P - an amulet of the acrobat
Wands
 v - a wand of flame (20)
 x - a wand of iceblast (8)
Scrolls
 a - 2 scrolls of enchant weapon
 e - 4 scrolls of fear
 j - a scroll of brand weapon
 l - 3 scrolls of teleportation
 m - 2 scrolls of immolation
 y - 3 scrolls of poison
 G - 2 scrolls of vulnerability
 K - 2 scrolls of fog
 N - a scroll of magic mapping
Potions
 h - a potion of invisibility
 n - 3 potions of curing
 r - 2 potions of lignification
 s - 9 potions of flight
 t - 2 potions of mutation
 z - 2 potions of cancellation
 C - a potion of berserk rage
 I - a potion of ambrosia
 L - a potion of haste


   Skills:
 + Level 3.2 Fighting
 + Level 2.4 Polearms
 + Level 3.7 Dodging
 + Level 3.4 Stealth
 + Level 10.5 Spellcasting
 + Level 8.6 Hexes
 + Level 13.5 Summonings
 - Level 5.0 Air Magic
 - Level 5.0 Earth Magic


You had 4 spell levels left.
You knew the following spells:

 Your Spells              Type           Power      Damage    Failure   Level
b - Call Imp              Summ           100%       N/A       1%          2
c - Call Canine Familiar  Summ           59%        N/A       1%          3
d - Summon Guardian Gole  Hex/Summ       53%        N/A       1%          3
e - Summon Lightning Spi  Summ/Air       47%        N/A       1%          4
f - Animate Armour        Summ/Erth      94%        N/A       1%          4
g - Summon Mana Viper     Hex/Summ       53%        N/A       1%          5
h - Monstrous Menagerie   Summ           29%        N/A       22%         7

Your spell library contained the following spells:

 Spells                   Type           Power      Damage    Failure   Level
 Summon Small Mammal      Summ           100%       N/A       1%          1
 Ensorcelled Hibernation  Hex/Ice        54%        N/A       1%          2
 Swiftness                Air            30%        N/A       2%          3
 Passwall                 Tmut/Erth      16%        N/A       3%          2
 Leda's Liquefaction      Hex/Erth       18%        N/A       4%          4
 Summon Ice Beast         Ice/Summ       37%        N/A       4%          4
 Apportation              Tloc           20%        N/A       7%          1
 Necrotise                Necr           40%        1d6       7%          1
 Stone Arrow              Conj/Erth      40%        3d9       7%          3
 Passage of Golubria      Tloc           10%        N/A       54%         4
 Silence                  Hex/Air        18%        N/A       11%         5
 Lee's Rapid Deconstruct  Erth           15%        3d10*     24%         5
 Borgnjor's Vile Clutch   Necr/Erth      10%        N/A       54%         5
 Alistair's Intoxication  Tmut/Pois      6%         N/A       88%         5
 Statue Form              Tmut/Erth      13%        N/A       98%         6
 Eringya's Noxious Bog    Tmut/Pois      5%         N/A       100%        6
 Lehudib's Crystal Spear  Conj/Erth      10%        10d4      100%        8


Dungeon Overview and Level Annotations

Branches:
Dungeon (10/15)            Temple (1/1) D:5            Lair (0/5) D:8
    Orc (0/2) D:9          Bailey (visited)

Altars:
Ashenzari
Cheibriados
Dithmenos
Elyvilon
Fedhas
Gozag
Hepliaklqana
Kikubaaqudgha
Makhleb
Nemelex Xobeh
Okawaru
Qazlal
Ru
Sif Muna
Trog
Uskayaw
Vehumet
Wu Jian
Xom
Yredelemnul
Zin
The Shining One

Shops:
D:5 ?[((


Innate Abilities, Weirdness & Mutations

You are amphibious.
You cover ground slowly.
You can hop short distances.
You have an extended range of vision and can be seen from far away.


Message History

The troll is distracted by your dazzling golden aura.
You hear a shout!
The troll shouts!
The white ugly thing gurgles horribly!
The killer bee is distracted by your dazzling golden aura.
A killer bee comes into view.
The killer bee is distracted by your dazzling golden aura.
The white ugly thing is engulfed in poison gas.
The white ugly thing looks as sick as possible!
The two-headed ogre is engulfed in blazing flames.
The white ugly thing is engulfed in poison gas.
The white ugly thing looks as sick as possible!
Casting: Summon Lightning Spire (dangerous; 1% risk of failure)
Confirm with . or Enter, or press ? or * to list all spells.
The killer bee buzzes angrily. x2
The killer bee is no longer distracted by gold.
The killer bee is distracted by your dazzling golden aura.
The two-headed ogre closely misses you. The two-headed ogre misses you.
The white ugly thing is engulfed in poison gas.
The white ugly thing looks as sick as possible!
Your lightning spire shoots out a bolt of lightning at the troll!
The bolt of electricity hits the troll.
The troll is no longer distracted by gold.
The bolt of electricity hits the two-headed ogre!
You hear a shout!
The killer bee buzzes angrily.
You hit the two-headed ogre but do no damage.
The two-headed ogre is heavily wounded.
The white ugly thing is no longer distracted by gold.
The killer bee is no longer distracted by gold.
The killer bee is distracted by your dazzling golden aura. x2
Your wolf is engulfed in poison gas.
Your wolf is poisoned.
Your wolf bites the two-headed ogre!
The white ugly thing is engulfed in poison gas.
The white ugly thing looks as sick as possible!
The killer bee is distracted by your dazzling golden aura.
The two-headed ogre hits you with a +0 giant spiked club!
* * * LOW HITPOINT WARNING * * *
The two-headed ogre hits you with a +0 giant club!!
You die...
Your body crumbles into a pile of gold.

## ##
#....######
... .§§.°☼ $
#○.yy☼○°.#
#.yy#☼§☼°#
#.§#°#§°§
#...#.$.#
#...$h°°# $
#....§O@#
######$8#
#<##§°##
#.##T########
#.#OJ........
..
#.#u#########
.....###.#○###
......≈~.☼☼~≈#
~#<~~~~~☼°~≈##


You could see a white ugly thing (extremely poisoned), a slime creature, 2
two-headed ogres, a troll (distracted, ally target), 4 killer bees, a friendly
wolf (summoned, poisoned) and a friendly lightning spire (summoned).

Vanquished Creatures
  A steam dragon (D:7)
  Duvessa (D:4)
  An ice beast (D:8)
  A centaur (D:9)
  Dowan (D:4)
  2 killer bees
  An iguana (D:4)
  2 gnolls
  2 adders
  A white imp (D:5)
  A worm (D:2)
  A dart slug (D:1)
  3 orcs
  3 endoplasms
  A giant cockroach (D:3)
  A goblin (D:1)
  A hobgoblin (D:2)
  A quokka (D:5)
  A ball python (D:3)
  A bat (D:1)
  2 frilled lizards
  2 kobolds
  A rat (D:2)
32 creatures vanquished.

Vanquished Creatures (collateral kills)
  A centaur warrior (D:9)
  2 two-headed ogres (D:9)
  An orc knight (Bailey)
  An ugly thing (D:9)
  A deep elf pyromancer (D:9)
  A gargoyle (D:9)
  A yaktaur (D:10)
  Psyche (D:10)
  2 polar bears (D:8)
  A hornet (D:8)
  2 yaks (D:9)
  A steam dragon (D:9)
  A wyvern (D:9)
  A vampire (D:10)
  2 vampire mosquitoes (D:10)
  Edmund (D:6)
  An acid dragon (D:7)
  2 water moccasins (D:8)
  5 ice beasts (D:8)
  7 orc warriors
  A black bear (D:5)
  4 wolves (D:8)
  3 ogres
  3 centaurs (D:9)
  3 kobold brigands
  3 bullfrogs
  Blork the orc (D:4)
  A gnoll sergeant (D:10)
  A scorpion (D:7)
  6 wights
  A jelly (D:5)
  4 killer bees
  4 howler monkeys
  A nameless horror (D:7)
  4 hounds
  A gnoll bouda (D:7)
  4 orc priests
  2 iguanas (D:5)
  10 orc wizards
  A sleepcap (D:8)
  4 adders
  10 gnolls
  2 shadow imps
  2 white imps (D:8)
  An ufetubus (D:6)
  A worm (D:4)
  3 dart slugs
  43 orcs
  6 ball pythons
  A bat (D:3)
  6 endoplasms
  2 giant cockroaches
  3 hobgoblins
  6 quokkas
  8 frilled lizards
  13 goblins
  24 kobolds
  9 rats
237 creatures vanquished.

Vanquished Creatures (others)
  A centaur warrior (D:9)
  Pikel (D:6)
  An orc knight (Bailey)
  A rime drake (D:8)
  Maggie (D:6)
  A water moccasin (D:7)
  3 orc warriors
  An ogre (D:5)
  3 wights (D:7)
  2 killer bees
  Ijyb (D:4)
  An iguana (D:5)
  An ufetubus (D:5)
18 creatures vanquished.

Grand Total: 287 creatures vanquished

Notes
Turn   | Place    | Note
-------+----------+-------------------------------------------
     0 | D:1      | cheesebisquit the Barachi Summoner began the quest for the
                  | Orb.
     0 | D:1      | Reached XP level 1. HP: 13/13 MP: 3/3
   288 | D:1      | Reached skill level 5 in Summonings
   414 | D:1      | Reached XP level 2. HP: 19/19 MP: 1/5
   814 | D:1      | Reached XP level 3. HP: 24/24 MP: 5/7
   972 | D:1      | Learned a level 2 spell: Call Imp
   976 | D:1      | Learned a level 3 spell: Call Canine Familiar
  1256 | D:2      | Identified the +5 spear "Ynium" {pain, rPois Will+ Dex+2}
  1327 | D:2      | Found a faded altar of an unknown god.
  1467 | D:2      | Reached XP level 4. HP: 25/30 MP: 9/9
  1523 | D:2      | Reached skill level 6 in Summonings
  1728 | D:2      | Reached XP level 5. HP: 35/35 MP: 5/10
  2049 | D:2      | Learned a level 3 spell: Summon Guardian Golem
  2415 | D:3      | Found a sacrificial altar of Ru.
  3004 | D:3      | Found a large runed translucent door.
  3005 | D:3      | Found a large runed translucent door.
  3462 | D:3      | Found a shimmering altar of Xom.
  3519 | D:3      | Found a blossoming altar of Fedhas.
  3750 | D:4      | Noticed Dowan
  3759 | D:4      | Noticed Duvessa
  3794 | D:4      | Killed Duvessa
  3795 | D:4      | Reached skill level 7 in Summonings
  3795 | D:4      | Reached XP level 6. HP: 13/41 MP: 9/13
  3801 | D:4      | Killed Dowan
  3802 | D:4      | Reached skill level 5 in Spellcasting
  3820 | D:4      | Learned a level 4 spell: Summon Lightning Spire
  4054 | D:4      | Noticed Ijyb
  4068 | D:4      | Killed Ijyb
  4162 | D:4      | Reached skill level 1 in Hexes
  4162 | D:4      | Reached skill level 1 in Air Magic
  4181 | D:4      | Noticed Blork the orc
  4192 | D:4      | Killed Blork the orc
  4193 | D:4      | Reached XP level 7. HP: 45/46 MP: 14/14
  4865 | D:5      | Entered Level 5 of the Dungeon
  4871 | D:5      | Found Vourgheur's Antique Weapon Shop.
  4966 | D:5      | Reached skill level 8 in Summonings
  5030 | D:5      | Found Cilaonwo's Antique Armour Shoppe.
  5065 | D:5      | Bought a cloak for 67 gold pieces
  5070 | D:5      | Bought a dull robe for 85 gold pieces
  5070 | D:5      | Identified the +0 robe of the Marlin {rC+ rN+ Int-5 Dex+3}
                  | (You bought it in a shop on level 5 of the Dungeon)
  5083 | D:5      | Found Heqycs's Magic Scroll Boutique.
  5128 | D:5      | Bought a scroll of identify for 22 gold pieces
  5128 | D:5      | Bought a scroll of identify for 22 gold pieces
  5128 | D:5      | Bought a scroll of teleportation for 33 gold pieces
  5305 | D:5      | Reached XP level 8. HP: 52/52 MP: 15/15
  5504 | D:5      | Found Qiul's Weapon Shop.
  5717 | D:5      | Found a staircase to the Ecumenical Temple.
  5786 | Temple   | Entered the Ecumenical Temple
  6053 | D:6      | Noticed Maggie
  6054 | D:6      | Noticed Pikel
  6078 | D:6      | Killed Pikel
  6079 | D:6      | Reached skill level 9 in Summonings
  6084 | D:6      | Killed Maggie
  6085 | D:6      | Reached skill level 5 in Hexes
  6085 | D:6      | Reached skill level 5 in Air Magic
  6085 | D:6      | Reached XP level 9. HP: 57/57 MP: 12/18
  6327 | D:6      | Learned a level 4 spell: Animate Armour
  6336 | D:6      | Identified the +9 dagger "Toppahe" {venom, *Rage rPois
                  | Int+5}
  6433 | D:6      | Noticed Edmund
  6444 | D:6      | Killed Edmund
  6842 | D:7      | Found an opulent altar of Gozag.
  6842 | D:7      | Found a broken altar of Ashenzari.
  6843 | D:7      | Found a snail-covered altar of Cheibriados.
  6843 | D:7      | Found a shadowy altar of Dithmenos.
  6843 | D:7      | Found a glowing golden altar of the Shining One.
  6855 | D:7      | Reached skill level 10 in Summonings
  6935 | D:7      | Became a worshipper of Gozag Ym Sagoz the Greedy
  7089 | D:7      | Found a flagged portal.
  7095 | D:7      | Identified the +7 dagger of Nemelex Xobeh, Dancing
                  | {protect, rElec rCorr SInv}
  7103 | Bailey   | Entered a bailey
  7134 | Bailey   | Noticed an orc knight
  7148 | Bailey   | Killed an orc knight
  7149 | Bailey   | Reached skill level 11 in Summonings
  7273 | Bailey   | Learned a level 5 spell: Summon Mana Viper
  7487 | Bailey   | Reached skill level 1 in Earth Magic
  7487 | Bailey   | Reached XP level 10. HP: 63/63 MP: 22/22
  7593 | Bailey   | Noticed an orc knight
  7603 | Bailey   | Killed an orc knight
  7842 | D:7      | You fall into a shaft and drop 2 floors!
  8679 | D:7      | Found a shimmering blue altar of Sif Muna.
  8736 | D:8      | Paralysed by a hornet for 3 turns
  8767 | D:8      | Reached skill level 12 in Summonings
  8983 | D:8      | Reached XP level 11. HP: 37/69 MP: 23/24
  9129 | D:8      | Found a staircase to the Lair.
  9160 | D:8      | Learned a level 7 spell: Monstrous Menagerie
 10041 | D:9      | Found a staircase to the Orcish Mines.
 10370 | D:9      | Reached skill level 5 in Earth Magic
 10397 | D:9      | Noticed a centaur warrior
 10407 | D:9      | Noticed a centaur warrior
 10408 | D:9      | Killed a centaur warrior
 10409 | D:9      | Reached skill level 10 in Spellcasting
 10409 | D:9      | Reached skill level 13 in Summonings
 10441 | D:9      | Killed a centaur warrior
 10490 | D:9      | Reached skill level 1 in Fighting
 10781 | D:9      | Noticed a two-headed ogre
 10795 | D:9      | Killed a two-headed ogre
 10796 | D:9      | Reached skill level 1 in Polearms
 10853 | D:9      | Noticed a brown ugly thing
 10871 | D:9      | Killed a brown ugly thing
 11131 | D:9      | Noticed a two-headed ogre
 11143 | D:9      | Killed a two-headed ogre
 11237 | D:9      | Noticed a deep elf pyromancer
 11241 | D:9      | Killed a deep elf pyromancer
 11411 | D:10     | Entered Level 10 of the Dungeon
 11489 | D:10     | Noticed Psyche
 11494 | D:10     | Noticed a two-headed ogre
 11494 | D:10     | Noticed a two-headed ogre
 11495 | D:10     | Killed Psyche
 11496 | D:10     | Noticed a white ugly thing
 11501 | D:10     | Reached XP level 12. HP: 27/81 MP: 26/26
 11507 | D:10     | Slain by a two-headed ogre

Illustrated notes

Levels and vault maps discovered:
D:1:      minmay_arrival_four_houses, layout_basic, amcnicky_mini_pool_small,
          corexii_item_surrounded_by_moat
D:2:      layout_rooms, nicolae_ecumenical_oubliette
D:3:      layout_loops_ring, nicolae_ru_sacrificial_ziggurat,
          jmf_multi_god_temple2
D:4:      layout_basic, supply_closet_lemuel, uniq_blork_the_orc, uniq_duvessa,
          uniq_ijyb
D:5:      layout_basic, minmay_temple_entry_glassed_door, serial_shops, shop,
          nicolae_shop_statue_plus, nicolae_shop_getting_attention, shop
D:6:      layout_loops_ring, uniq_edmund, uniq_maggie, uniq_pikel
D:7:      layout_loops_ring, grunt_temple_overflow_open,
          nicolae_sif_muna_little_library, enter_bailey_1
D:8:      layout_loops_corners, hellmonk_lair_entry_icy, st_stairs_10
D:9:      nzn_winding_woodlands_medium [nzn_winding_woodlands_5x5_default,
          nzn_winding_woodlands_5x15_pathside_ponds,
          nzn_winding_woodlands_hourglass, nzn_winding_woodlands_5x5_three,
          nzn_winding_woodlands_center_pierced_h,
          nzn_winding_woodlands_5x5_checkerboard,
          nzn_winding_woodlands_5x5_cross, nzn_winding_woodlands_5x15_default,
          nzn_winding_woodlands_5x5_open_star], layout_basic, hiddenorc2_lemuel
D:10:     minmay_chambers_of_sixes, layout_basic, st_stairs_14, uniq_psyche
Temple:   hellmonk_temple_forest_ring

Skill      XL: |  1  2  3  4  5  6  7  8  9 10 11 |
---------------+----------------------------------+-----
Summonings     | 5 6 7 8 9 11 12 13 | 13.5
Spellcasting   | 3 4 5 6 8 9 10 | 10.5
Hexes          | 1 3 5 7 8 |  8.6
Air Magic      | 1 3 5 |  5.0
Earth Magic    | 1 4 5 |  5.0
Stealth        | 2 3 |  3.4
Fighting       | 3 |  3.2
Polearms       | 2 |  2.4
Dodging        | 3 |  3.7

Action                     |  1- 3 |  4- 6 |  7- 9 | 10-12 || total
---------------------------+-------+-------+-------+-------++-------
  Melee: Mace              |    18 |       |       |       ||    18
         Spear             |     6 |    58 |    42 |   107 ||   213
         War axe           |     3 |       |       |       ||     3
         Punch             |       |       |       |     2 ||     2
   Cast: Summon Small Mamm |    47 |    47 |    15 |       ||   109
         Call Imp          |     4 |    24 |    20 |    11 ||    59
         Call Canine Famil |       |    27 |    21 |    27 ||    75
         Summon Guardian G |       |       |    18 |    35 ||    53
         Summon Lightning  |       |       |    18 |    51 ||    69
         Summon Mana Viper |       |       |       |    12 ||    12
Ability: Hop               |     2 |       |       |       ||     2
    Use: Potion            |       |     1 |       |     6 ||     7
         Scroll            |       |       |    18 |    11 ||    29
   Stab: Sleeping          |       |     1 |     1 |     1 ||     3
         Distracted        |       |     1 |       |     4 ||     5
 Armour: Robe              |     5 |    15 |    24 |    43 ||    87
  Dodge: Dodged            |    18 |    53 |    56 |    72 ||   199
